 Dungeon Crawl Stone Soup version 0.18.1-47-g9310371 (webtiles) character file.

1640 Ery the Basher (level 8, -3/109 HPs)
             Began as a Minotaur Berserker on June 13, 2016.
             Was an Elder of Trog.
             Slain by an orc warrior
             ... wielding a +0 glaive
              (11 damage)
             ... on level 6 of the Dungeon.
             The game lasted 00:11:12 (5262 turns).

Ery the Basher (Minotaur Berserker)                 Turns: 5262, Time: 00:11:12

Health: -3/109     AC: 13    Str: 27    XL:     8   Next: 66%
Magic:  7/7        EV:  9    Int:  4    God:    Trog [****..]
Gold:   363        SH:  0    Dex: 12    Spells: 0 memorised, 7 levels left

rFire  + . .     SeeInvis .     x - +0 dire flail
rCold  . . .     Gourm    .     q - +0 plate armour
rNeg   . . .     Faith    .     (shield currently unavailable)
rPois  .         Spirit   .     (helmet restricted)
rElec  .         Dismiss  .     (no cloak)
rCorr  .         Reflect  .     (no gloves)
SustAt .         Harm     .     (no boots)
MR     .....                    (no amulet)
Stlth  ..........               h - ring of flight
                                y - ring of protection from fire

@: confused, berserking, very quick, not resistant to hostile enchantments,
extremely unstealthy
A: retaliatory headbutt, horns 2
a: Berserk, Trog's Hand, Brothers in Arms, Burn Spellbooks, Renounce Religion,
Evoke Flight


You were on level 6 of the Dungeon.
You worshipped Trog.
Trog was greatly pleased with you.
You were hungry.

You visited 1 branch of the dungeon, and saw 6 of its levels.

You collected 363 gold pieces.

Inventory:

Hand Weapons
 a - a +0 mace
 x - a +0 dire flail (weapon)
Armour
 b - a +0 animal skin
 q - a +0 plate armour (worn)
Jewellery
 h - a ring of flight (right hand)
 p - an uncursed ring of protection from magic
 y - a ring of protection from fire (left hand)
Wands
 i - a wand of random effects (15/48)
Scrolls
 f - 4 scrolls of identify {unknown}
 j - 5 scrolls of teleportation {unknown}
 k - 2 scrolls of noise {unknown}
 r - a scroll of enchant weapon {unknown}
 t - 2 scrolls of fear {unknown}
 u - 2 scrolls of magic mapping {unknown}
 z - a scroll of remove curse {unknown}
 F - a scroll of amnesia {unknown}
Potions
 d - a potion of berserk rage {unknown}
 e - 2 potions of cancellation {unknown}
 g - 2 potions of curing {unknown}
 l - a potion of might {unknown}
 m - 4 potions of heal wounds {unknown}
 n - 2 potions of degeneration {unknown}
 o - a potion of resistance {unknown}
 v - a potion of flight {unknown}
 A - a potion of haste
 B - a potion of magic {unknown}
 C - a potion of mutation {unknown}
 E - a potion of invisibility {unknown}
 G - 3 potions of cure mutation {unknown}
Comestibles
 c - 3 bread rations
 s - 2 meat rations
 w - a beef jerky


   Skills:
 + Level 7.5 Fighting
 * Level 9.1 Maces & Flails
 + Level 6.6 Armour
 + Level 4.9 Dodging
 - Level 0.1 Stealth


You had 7 spell levels left.
You didn't know any spells.

Dungeon Overview and Level Annotations

Branches:
Dungeon (6/15)
 Temple: D:4-7

Altars:
Kikubaaqudgha
Okawaru
Sif Muna
Xom
Zin

Shops:
D:5 [


Innate Abilities, Weirdness & Mutations

You reflexively headbutt those who attack you in melee.
You have a pair of horns on your head.


Message History

You are too injured to fight recklessly!
A red film seems to cover your vision as you go berserk!
You feel yourself moving faster!
You feel mighty!
You are feeling hungry.
Something hits you but does no damage. The orc warrior hits you with a glaive!
* * * LOW HITPOINT WARNING * * *
Something hits you but does no damage.
You hit the orc warrior. Your headbutt misses the orc warrior.
The orc warrior is severely wounded.
You closely miss the orc warrior.
The orc warrior is severely wounded.
The orc warrior completely misses you. Something hits you but does no damage.
You barely miss the orc warrior.
You headbutt the orc warrior, but do no damage.
The orc warrior is severely wounded.
You hear some strange, mumbled words.
You are confused.
Unknown command.
You're too confused to move!
The orc warrior hits you with a glaive!
You die...

##...#<.#. #.
#......... #>
#......... #..
#.....)... #... ####
##..###..(
#...####..##.##..###((.
#..........#...........
#....o[=(..#...........
#.....@)..!#...........
#.<...{....#...........
########.####...###..##
#...##.._..##...#######
#......#.#.............
#......................
#......................
#......................
#(.....................


You could see an orc warrior.

Vanquished Creatures
  A troll (D:5)
  Sigmund (D:2)
  Edmund (D:4)
  An ice beast (D:6)
  2 ogres (D:4)
  2 centaurs
  Blork the orc (D:5)
  A howler monkey (D:4)
  A crimson imp (D:5)
  3 giant frog zombies
  2 hounds
  An orc priest (D:6)
  An iguana (D:4)
  Terence (D:2)
  4 orc wizards
  4 worker ants
  A gnoll (D:1)
  2 adders
  3 river rats (D:3)
  A shadow imp (D:6)
  3 oozes
  An adder skeleton (D:6)
  2 worms
  5 dart slugs
  7 giant geckos
  15 orcs
  5 giant cockroaches
  11 goblins
  8 hobgoblins
  2 jackals (D:2)
  A quokka (D:5)
  2 bats
  A giant newt (D:5)
  9 kobolds
  A quokka skeleton (D:6)
  6 rats
113 creatures vanquished.

Notes
Turn   | Place    | Note
--------------------------------------------------------------
     0 | D:1      | Ery the Minotaur Berserker began the quest for the Orb.
     0 | D:1      | Reached XP level 1. HP: 19/19 MP: 0/0
   164 | D:1      | Reached XP level 2. HP: 20/27 MP: 1/1
   256 | D:1      | Reached skill level 4 in Maces & Flails
   704 | D:1      | Reached XP level 3. HP: 26/33 MP: 2/2
   952 | D:1      | Reached ** piety under Trog
  1452 | D:2      | Noticed Sigmund
  1463 | D:2      | Killed Sigmund
  1463 | D:2      | Reached skill level 5 in Fighting
  1463 | D:2      | Reached skill level 5 in Maces & Flails
  1463 | D:2      | Reached XP level 4. HP: 31/42 MP: 3/3
  1463 | D:2      | Reached XP level 5. HP: 35/48 MP: 4/4
  2070 | D:2      | Found an iron altar of Okawaru.
  2122 | D:2      | Noticed Terence
  2129 | D:2      | Killed Terence
  2271 | D:3      | Reached XP level 6. HP: 40/56 MP: 5/5
  2318 | D:3      | Found a glowing drain.
  2695 | D:3      | Reached *** piety under Trog
  2993 | D:4      | Reached skill level 6 in Maces & Flails
  3281 | D:4      | Found a sand-covered staircase.
  3407 | D:4      | Noticed Edmund
  3430 | D:4      | Killed Edmund
  3430 | D:4      | Reached XP level 7. HP: 42/64 MP: 6/6
  3955 | D:5      | Entered Level 5 of the Dungeon
  3973 | D:5      | Found Joataxzo's Antique Armour Shoppe.
  4005 | D:5      | Reached skill level 7 in Maces & Flails
  4346 | D:5      | Found a glowing silver altar of Zin.
  4383 | D:5      | Noticed a troll
  4392 | D:5      | Killed a troll
  4392 | D:5      | Reached skill level 5 in Armour
  4392 | D:5      | Reached XP level 8. HP: 22/73 MP: 7/7
  4402 | D:6      | Found a shimmering altar of Xom.
  4799 | D:5      | Reached **** piety under Trog
  4850 | D:5      | Noticed Blork the orc
  4865 | D:5      | Found a deep blue altar of Sif Muna.
  5011 | D:5      | Killed Blork the orc
  5011 | D:5      | Reached skill level 8 in Maces & Flails
  5211 | D:6      | Found an ancient bone altar of Kikubaaqudgha.
  5228 | D:6      | Reached skill level 9 in Maces & Flails
  5262 | D:6      | Slain by an orc warrior

Skill      XL: |  1  2  3  4  5  6  7  8 |
---------------+-------------------------+-----
Fighting       | 4 5 6 7 |  7.5
Maces & Flails | 4 5 6 7 9 |  9.1
Dodging        | 3 4 |  4.9
Armour         | 3 5 6 |  6.6
Stealth        | |  0.1

Action                   |  1- 3 |  4- 6 |  7- 9 || total
-------------------------+-------+-------+-------++-------
Melee: Mace              |    76 |   109 |       ||   185
       Headbutt          |    13 |    22 |    21 ||    56
       Dire flail        |       |       |   120 ||   120
Invok: Berserk           |     2 |     2 |     1 ||     5
 Abil: Evoke Flight      |       |       |     1 ||     1
 Stab: Sleeping          |     1 |     1 |       ||     2
  Eat: Bread ration      |     1 |     1 |       ||     2
       Chunk             |       |     2 |     7 ||     9
Armor: Animal skin       |     9 |     2 |       ||    11
       Plate armour      |       |    31 |    73 ||   104
Dodge: Dodged            |    44 |    51 |    44 ||   139
